 Dungeon Crawl Stone Soup version 0.27-a0-1230-gfc7c993222 (webtiles) character file.

Game seed: 14350477225781442395

427 DeathSun the Geomancer (level 6, -11/32 HPs)
             Began as a Gargoyle Earth Elementalist on June 8, 2021.
             Was an Initiate of Vehumet.
             Splashed by an oklob sapling's acid (16 damage)
             ... on level 5 of the Dungeon.
             The game lasted 00:20:46 (6704 turns).

DeathSun the Geomancer (GrEE)                       Turns: 6704, Time: 00:20:46

Health: -11/32     AC:  8    Str: 12    XL:     6   Next: 97%
Magic:  9/9        EV: 12    Int: 17    God:    Vehumet [......]
Gold:   221        SH:  0    Dex: 16    Spells: 3/9 levels left

rFire    . . .     SeeInvis .   d - +0 spear
rCold    + . .     Faith    .   (no shield)
rNeg     + . .     Spirit   .   c - +0 robe rPois โˆž Reflect .
                                (no helmet)
rElec    +         Harm     .   (no cloak)
rCorr    .         Rampage  .   q - +0 pair of gloves
Will     .....                  f - +0 pair of boots
Stlth    ++........             x - amulet of regeneration
HPRegen  1.10/turn              k - ring of protection from cold
MPRegen  0.11/turn              C - +6 ring of dexterity

@: no status effects
A: sickness immunity, AC +4, negative energy resistance 1, electricity
resistance, torment resistance 1, petrification resistance
a: Renounce Religion


You were on level 5 of the Dungeon.
You worshipped Vehumet.
Vehumet was noncommittal.
You visited 2 branches of the dungeon, and saw 6 of its levels.

You collected 221 gold pieces.

Inventory:

Hand Weapons
 d - a +0 spear (weapon)
 h - a +0 mace
 n - a +0 dagger of freezing
 o - a +3 long sword of distortion
 t - a +0 flail
Missiles
 b - 109 stones
Armour
 c - a +0 robe (worn)
 f - a +0 pair of boots (worn)
 m - a +0 helmet
 q - a +0 pair of gloves (worn)
Jewellery
 k - a ring of protection from cold (left hand)
 x - an amulet of regeneration (around neck)
 C - a +6 ring of dexterity (right hand)
Wands
 z - a wand of polymorph (14)
Scrolls
 p - 2 scrolls of identify {unknown}
 r - a scroll of amnesia {unknown}
 u - a scroll of teleportation {unknown}
 w - a scroll of blinking {unknown}
 y - a scroll of fear {unknown}
Potions
 a - 2 potions of curing {unknown}
 e - 2 potions of lignification {unknown}
 g - 4 potions of flight {unknown}
 i - 2 potions of brilliance {unknown}
 j - 2 potions of magic {unknown}
 l - a potion of heal wounds {unknown}
 s - a potion of degeneration {unknown}
 v - a potion of might {unknown}
 A - a potion of resistance {unknown}
 B - 2 potions of haste


   Skills:
 - Level 1.5 Dodging
 - Level 2.1 Stealth
 - Level 2.0 Spellcasting
 * Level 3.1 Conjurations
 - Level 1.0 Transmutations
 * Level 8.3 Earth Magic


You had 3 spell levels left.
You knew the following spells:

 Your Spells              Type           Power      Damage    Failure   Level
a - Sandblast             Erth           58%        2d13      1%          1
b - Stone Arrow           Conj/Erth      42%        3d9       5%          3
c - Passwall              Tmut/Erth      14%        N/A       4%          2

Your spell library contained the following spells:

 Spells                   Type           Power      Damage    Failure   Level
 Corona                   Hex            1%         N/A       19%         1
 Slow                     Hex            1%         N/A       28%         2
 Inner Flame              Hex/Fire       1%         N/A       50%         3
 Portal Projectile        Hex/Tloc       2%         N/A       50%         3
 Lee's Rapid Deconstruct  Erth           14%        3d10*     19%         5
 Petrify                  Tmut/Erth      17%        N/A       28%         4
 Leda's Liquefaction      Hex/Erth       7%         N/A       34%         4
 Cause Fear               Hex            0%         N/A       88%         4


Dungeon Overview and Level Annotations

Branches:
Dungeon (5/15)             Temple (1/1) D:5

Altars:
Ashenzari
Cheibriados
Dithmenos
Elyvilon
Fedhas
Gozag
Hepliaklqana
Makhleb
Nemelex Xobeh
Okawaru
Qazlal
Ru
Sif Muna
Trog
Vehumet
Wu Jian
Xom
Yredelemnul
Zin
The Shining One

Annotations:
D:3 Sigmund
D:5 exclusion: oklob sapling


Innate Abilities, Weirdness & Mutations

You are immune to sickness and miasma.
Your stone body is resilient. (AC +4)
You are immune to poison.
You resist negative energy. (rN+)
You are resistant to electric shocks. (rElec)
You are resistant to unholy torment.
You are immune to petrification.


Message History

There is an iron altar of Okawaru here.
Done exploring.
There is a sacrificial altar of Ru here.
There is a staircase back to the Dungeon here.
This staircase leads to a travel-excluded area!
Enter next level anyway?
Okay, then.
This staircase leads to a travel-excluded area!
Enter next level anyway?
Okay, then.
Unknown command.
This staircase leads to a travel-excluded area!
Enter next level anyway?
You climb upwards.
Welcome back to the Dungeon!
Level annotation: exclusion: oklob sapling
There is a staircase to the Ecumenical Temple here.
Press: ? - help, v - describe, . - travel
Here: an oklob sapling The floor.
The dart slug launches a dart at you. The slug dart hits you.
The plant is in the way.
You hit the plant.
The plant begins to die.
The plant is lightly damaged.
You hit the dart slug.
The dart slug is lightly wounded.
A nearby plant withers and dies.
The dart slug closely misses you.
You hit the dart slug.
The dart slug is heavily wounded.
The oklob sapling spits acid at you. The splash of acid hits you!
You are splashed with acid!
* * * LOW HITPOINT WARNING * * *
You hit the dart slug.
You kill the dart slug!
Vehumet accepts your kill. The oklob sapling spits acid at you.
The splash of acid hits you.
* * * LOW HITPOINT WARNING * * *
You are splashed with acid!
Ouch! That really hurt!
You die...

โ‰ˆโ‰ˆ..##..............#
P...##..............#
.........###########.
.........'.........#
.........#...รท.....#
.........#.........#
.........#....######
.........#P.P..P...###
.........#.PPP..@....#
.........#.P..P......#
+###......PPP>.P.....#
......P.PPPPP....+
......P.PP......#
...#..PP.P..?..#
...#...........# .
#....##...#.. #....# ####


You could see an oklob sapling.

Vanquished Creatures
  A centaur zombie (D:3)
  A hound (D:5)
  An orc priest (D:5)
  2 iguanas (D:4)
  A scorpion zombie (D:5)
  An orc wizard (D:5)
  Robin (D:2)
  9 adders
  2 river rats (D:4)
  5 worms
  2 dart slugs
  4 orcs
  3 ball pythons
  9 endoplasms
  6 giant cockroaches
  11 goblins
  10 hobgoblins
  11 jackals
  5 quokkas
  3 bats
  A frilled lizard (D:1)
  A jackal skeleton (D:4)
  4 kobolds
  8 rats
102 creatures vanquished.

Vanquished Creatures (others)
  5 plants (D:5)
5 creatures vanquished.

Grand Total: 107 creatures vanquished

Notes
Turn   | Place    | Note
-------+----------+-------------------------------------------
     0 | D:1      | DeathSun the Gargoyle Earth Elementalist began the quest
                  | for the Orb.
     0 | D:1      | Reached XP level 1. HP: 10/10 MP: 3/3
   303 | D:1      | Reached skill level 1 in Transmutations
   348 | D:1      | Reached skill level 4 in Earth Magic
   422 | D:1      | Reached XP level 2. HP: 15/15 MP: 5/5
  1098 | D:1      | Reached XP level 3. HP: 19/19 MP: 4/6
  1296 | D:1      | Reached skill level 5 in Earth Magic
  1877 | D:2      | Reached XP level 4. HP: 11/24 MP: 4/7
  2085 | D:2      | Noticed Robin
  2298 | D:2      | Killed Robin
  2299 | D:2      | Reached skill level 6 in Earth Magic
  2929 | D:3      | Reached XP level 5. HP: 17/28 MP: 8/8
  3355 | D:3      | Found a faded altar of an unknown god.
  3464 | D:3      | Noticed Sigmund
  3806 | D:4      | Found a glowing silver altar of Zin.
  3823 | D:4      | Found an ornate altar of the Wu Jian Council.
  3841 | D:4      | Found a sparkling altar of Nemelex Xobeh.
  3915 | D:4      | Found a burning altar of Makhleb.
  3930 | D:4      | Reached skill level 7 in Earth Magic
  4432 | D:4      | Learned a level 3 spell: Stone Arrow
  4435 | D:4      | Learned a level 2 spell: Passwall
  4749 | D:4      | Reached skill level 1 in Conjurations
  5118 | D:4      | Reached XP level 6. HP: 16/32 MP: 9/9
  5489 | D:5      | Entered Level 5 of the Dungeon
  5764 | D:5      | Reached skill level 8 in Earth Magic
  5972 | D:5      | Noticed a sky beast
  6189 | D:3      | You fall into a shaft and drop 1 floor!
  6415 | D:5      | Found a staircase to the Ecumenical Temple.
  6444 | Temple   | Entered the Ecumenical Temple
  6634 | Temple   | Became a worshipper of Vehumet
  6704 | D:5      | Splashed by an oklob sapling's acid

Illustrated notes

Levels and vault maps discovered:
D:1:      dpeg_arrival_leaves_temple_mockup, layout_basic, patterned_corridor
D:2:      layout_loops_ring, minivault_25, minmay_distorted, uniq_robin
D:3:      layout_loops_corners, chequers_ecumenical_altar_island, uniq_sigmund
D:4:      layout_loops_ring, nicolae_overflow_quartered_altars, serial_glass,
          glass_columns_a, glass_columns_b, minmay_strange_pillars,
          feat_on_display, minmay_strange_pillars, gup_sewer_entry_spiral
D:5:      layout_gridville, lemuel_tele_altar, minmay_temple_entry_oklob,
          guppyfry_early_lair_pool
Temple:   regret_index_temple_sphere_string

Skill      XL: |  1  2  3  4  5  6 |
---------------+-------------------+-----
Transmutations | 1 |  1.0
Earth Magic    | 4 5 6 7 8 |  8.3
Conjurations   | 1 3 |  3.1
Dodging        | |  1.5
Stealth        | |  2.1
Spellcasting   | |  2.0

Action                   |  1- 3 |  4- 6 || total
-------------------------+-------+-------++-------
Melee: Spear             |   108 |   336 ||   444
       Unarmed           |     7 |       ||     7
       Dagger            |       |    46 ||    46
 Cast: Sandblast         |    14 |    34 ||    48
 Stab: Sleeping          |     4 |     8 ||    12
       Distracted        |       |     1 ||     1
Armor: Robe              |    43 |   174 ||   217
Dodge: Dodged            |    57 |   230 ||   287

Table legend: (Time is in decaauts)
 A = Elapsed time spent in this place.
 B = Non-inter-level travel time spent in this place.
 C = Inter-level travel time spent in this place.
 D = Time resting spent in this place.
 E = Time spent auto-exploring this place.
 F = Levels seen in this place.
 G = Mean time per level.
                   A        B        C        D        E       F      G
               +--------+--------+--------+--------+--------+-----+--------+
         Total |   6794 |   6597 |    197 |   1625 |   3344 |   6 | 1132.3 |
       Dungeon |   6544 |   6369 |    175 |   1625 |   3247 |   5 | 1308.8 |
        Temple |    249 |    227 |     22 |      0 |     97 |   1 |  249.0 |
               +--------+--------+--------+--------+--------+-----+--------+

Top non-repeatable levels by time:
     D:4: 2069 daAuts
     D:2: 1444 daAuts
     D:1: 1428 daAuts
     D:3: 965 daAuts
     D:5: 636 daAuts
  Temple: 249 daAuts
